[Event "Titled Tuesday Blitz January 03 Early 2023"]
[White "Bortnyk, Mykola"]
[Black "Rostomyan, Mikayel"]
[WhiteFideId "14120836"]
[BlackFideId "13313754"]
[WhiteElo "2425"]
[BlackElo "2222"]
[Result "0-1"]
[Round "02"]
[TimeControl "180+2"]
[Date "2023.01.03"]
[WhiteClock "0:00:14"]
[BlackClock "0:00:19"]

1. e4 c5 2. c3 d5 3. exd5 Nf6 4. Nf3 Nxd5 5. d4 cxd4 6. Qxd4 Nc6 7. Bb5 e6 8. O-O Qb6 9. Qxb6 axb6 10. Ne5 Bd7 11. Nxd7 Kxd7 12. Rd1 Kc7 13. Nd2 Be7 14. Ne4 f5 15. Ng3 Rhd8 16. Re1 Rd6 17. c4 Ndb4 18. Bf4 Nc2 19. b4 Nxa1 20. c5 e5 21. cxd6+ Bxd6 22. Bg5 Nc2 23. Rc1 N2d4 24. Bf1 Bxb4 25. Be3 Bc5 26. Bd3 g6 27. Bb1 f4 28. Bxd4 Nxd4 29. Re1 fxg3 30. hxg3 Nc6 31. Re2 Ra3 32. Kh2 Bd4 33. f4 exf4 34. gxf4 Kd6 35. g3 Rc3 36. Kh3 Rc1 37. Be4 Rc3 38. Rd2 Kc5 39. Kg4 Ne7 40. a4 Nf5 41. Bxf5 gxf5+ 42. Kxf5 Rxg3 43. Rc2+ Rc3 44. Rh2 Kb4 45. Ke4 Bc5 46. Ra2 Kb3 47. Ra1 Rc4+ 48. Ke5 Bd4+ 0-1


[Site "https://www.chess.com"]

[Event "Titled Tuesday Blitz January 03 Early 2023"]
[White "McCoy, Owen"]
[Black "Bachmann, Axel"]
[WhiteFideId "30924502"]
[BlackFideId "3700488"]
[WhiteElo "2085"]
[BlackElo "2604"]
[Result "0-1"]
[Round "02"]
[TimeControl "180+2"]
[Date "2023.01.03"]
[WhiteClock "0:00:07"]
[BlackClock "0:00:10"]

1. Nf3 Nf6 2. g3 d5 3. Bg2 Bg4 4. O-O Nbd7 5. h3 Bxf3 6. Bxf3 c6 7. d3 e5 8. e4 dxe4 9. dxe4 Bc5 10. Bg2 Qe7 11. Qe2 O-O 12. Nd2 Rfd8 13. Nc4 Nf8 14. c3 b5 15. Ne3 g6 16. Kh1 Ne6 17. Nc2 Qc7 18. a4 a6 19. h4 h5 20. Bh3 Re8 21. Ne1 Bf8 22. Nf3 Nc5 23. axb5 axb5 24. Rxa8 Rxa8 25. Ng5 Ra1 26. Qf3 Nh7 27. Nxh7 Kxh7 28. Be3 Rxf1+ 29. Bxf1 Na4 30. Bc1 Kg7 31. Kg2 Qd7 32. Qd3 Qe6 33. c4 Nc5 34. Qc2 b4 35. Be3 Qf6 36. Be2 Ne6 37. Qa4 Nd4 38. Bxd4 exd4 39. Bd3 Qe6 40. b3 Be7 41. Qa6 Bxh4 42. gxh4 Qg4+ 43. Kh2 Qxh4+ 44. Kg2 Qg4+ 45. Kh2 Qf3 46. c5 Qxf2+ 47. Kh1 h4 48. Bf1 Qf3+ 49. Kg1 Qe3+ 50. Kh1 Qxe4+ 51. Kg1 Qe3+ 52. Kh1 Qf3+ 53. Kg1 Qd5 54. Qc4 Qg5+ 55. Kh1 Qf4 56. Bg2 Qe3 57. Bxc6 d3 58. Qe4 Qh3+ 59. Kg1 Qg3+ 60. Kh1 h3 61. Qd4+ Kh7 62. Be4 Qe1+ 63. Kh2 d2 64. Kxh3 d1=Q 65. Qxd1 Qxd1 66. Bg2 Qh5+ 67. Kg3 Qxc5 68. Kh2 Qc3 69. Bd5 Qd2+ 70. Bg2 f5 71. Kg3 Qe3+ 72. Bf3 Qxb3 73. Kf4 Qxf3+ 74. Kg5 b3 75. Kh4 b2 76. Kg5 b1=Q 77. Kh4 Qg4# 0-1


[Site "https://www.chess.com"]

[Event "Titled Tuesday Blitz January 03 Early 2023"]
[White "Shimanov, Aleksandr"]
[Black "Ismagilov, Damir"]
[WhiteFideId "4198603"]
[BlackFideId "34199982"]
[WhiteElo "2581"]
[BlackElo "2156"]
[Result "1-0"]
[Round "02"]
[TimeControl "180+2"]
[Date "2023.01.03"]
[WhiteClock "0:01:46"]
[BlackClock "0:00:06"]

1. e4 c5 2. Nf3 e6 3. c3 d5 4. exd5 Qxd5 5. d4 Nf6 6. Na3 Qd8 7. Nc4 Nc6 8. Be3 cxd4 9. Nxd4 Nxd4 10. Qxd4 Qxd4 11. Bxd4 b6 12. a4 Bb7 13. a5 b5 14. a6 Bd5 15. Na5 Bd6 16. Bxb5+ Ke7 17. f3 Rhc8 18. Ke2 e5 19. Be3 Bc5 20. Bxc5+ Rxc5 21. c4 Be6 22. b4 Rc7 23. Nc6+ Kf8 24. Nxe5 Rb8 25. Rhd1 Rb6 26. Kf2 g6 27. Rd4 Ke7 28. Re1 h5 29. Nd3 Kf8 30. Rd8+ Kg7 31. Nc5 Bc8 32. Red1 Bf5 33. R1d6 Rxd6 34. Rxd6 Re7 35. Bc6 Bb1 36. b5 Ba2 37. b6 axb6 38. Ne4 Nxe4+ 39. Bxe4 Bxc4 40. Rxb6 Rd7 41. Ke3 Rd1 42. a7 Ra1 43. a8=Q 1-0


[Site "https://www.chess.com"]

[Event "Titled Tuesday Blitz January 03 Early 2023"]
[White "Volkov, Maksim"]
[Black "Chigaev, Maksim"]
[WhiteFideId "54123070"]
[BlackFideId "4108116"]
[WhiteElo "2258"]
[BlackElo "2628"]
[Result "0-1"]
[Round "02"]
[TimeControl "180+2"]
[Date "2023.01.03"]
[WhiteClock "0:00:19"]
[BlackClock "0:01:59"]

1. d4 Nf6 2. c4 g6 3. Nf3 Bg7 4. g3 O-O 5. Bg2 d6 6. O-O c5 7. Nc3 Nc6 8. dxc5 dxc5 9. Bf4 Bf5 10. Qc1 Qc8 11. Rd1 Rd8 12. Rxd8+ Qxd8 13. Ne5 Nd4 14. Bxb7 Rb8 15. Nc6 Qd7 16. Nxb8 Qxb7 17. Be5 Bh3 18. f3 Ng4 19. Nd7 Qxf3 0-1


[Site "https://www.chess.com"]

[Event "Titled Tuesday Blitz January 03 Early 2023"]
[White "Vokhidov, Shamsiddin"]
[Black "Skliarov, Viktor"]
[WhiteFideId "14204223"]
[BlackFideId "14106736"]
[WhiteElo "2586"]
[BlackElo "2383"]
[Result "1-0"]
[Round "02"]
[TimeControl "180+2"]
[Date "2023.01.03"]
[WhiteClock "0:00:08"]
[BlackClock "0:00:04"]

1. e4 c5 2. Nf3 Nc6 3. Bb5 e6 4. Bxc6 bxc6 5. d3 Ne7 6. Nbd2 Ng6 7. h4 h5 8. e5 f6 9. Qe2 Qc7 10. Nc4 Be7 11. Qe4 Kf7 12. Bf4 f5 13. Qe3 Nxf4 14. Qxf4 Ba6 15. Nd6+ Kg8 16. O-O-O Rh6 17. Ng5 Rb8 18. a3 Qb6 19. b3 Qa5 20. Kb2 Rg6 21. f3 Rf8 22. Rh3 Bd8 23. Rg3 Qc7 24. Qa4 Qb6 25. f4 Bc7 26. Nc4 Qb7 27. Nd6 Qb6 28. Nc4 Qb7 29. Na5 Qb6 30. b4 cxb4 31. axb4 Rb8 32. Nb3 Bb5 33. Qa2 Qf2 34. Rf3 Qxg2 35. Rd2 Qh1 36. Qa1 Qxa1+ 37. Kxa1 d6 38. c4 Ba4 39. Nd4 dxe5 40. Ndxe6 Bd6 41. fxe5 Bxe5+ 42. d4 Bf6 43. Nf4 Rxg5 44. hxg5 Bxg5 45. Rg2 Bf6 46. Nxh5 Bxd4+ 47. Ka2 Rxb4 48. Rxf5 Rxc4 49. Rf4 c5 50. Nf6+ Kf7 51. Ne4+ Ke6 52. Nxc5+ Rxc5 53. Rxd4 Bc6 54. Rxg7 Bd5+ 55. Ka3 Ke5 56. Rd2 Rc3+ 57. Kb2 Rb3+ 58. Kc2 Rb5 59. Rxa7 Be4+ 60. Kc3 Rc5+ 61. Kb4 Rd5 62. Re7+ Kf4 63. Rf2+ Ke3 64. Rf1 Rd4+ 65. Kc5 Ra4 66. Kb5 Rd4 67. Re1+ Kd3 68. Kc5 Rc4+ 69. Kb5 Bc6+ 70. Kb6 Be4 71. Rd7+ Rd4 72. Rd1+ Ke3 73. R1xd4 Bf3 74. Rd8 Kf2 75. Kc5 Ke3 76. Rf8 Kf2 77. Re8 Kg3 78. Rd3 1-0


[Site "https://www.chess.com"]

[Event "Titled Tuesday Blitz January 03 Early 2023"]
[White "Gilmanov, Mansur"]
[Black "Movahed, Sina"]
[WhiteFideId "4166868"]
[BlackFideId "42520835"]
[WhiteElo "2356"]
[BlackElo "2340"]
[Result "0-1"]
[Round "02"]
[TimeControl "180+2"]
[Date "2023.01.03"]
[WhiteClock "0:00:02"]
[BlackClock "0:01:07"]

1. d4 Nf6 2. Bg5 c5 3. Bxf6 gxf6 4. d5 b5 5. g3 d6 6. Bg2 Nd7 7. Nf3 h5 8. Nh4 Ne5 9. e3 Rb8 10. f4 Ng4 11. Qe2 f5 12. h3 Nf6 13. Nd2 Rg8 14. Kf2 c4 15. Bf3 Bb7 16. Nxf5 Nxd5 17. Bxd5 Bxd5 18. e4 Bb7 19. Qxh5 e6 20. Nd4 Bg7 21. Qxb5+ Kf8 22. Qxc4 Qb6 23. c3 e5 24. fxe5 dxe5 25. Raf1 exd4 26. Ke1 Qg6 27. Qc5+ Ke8 28. Nc4 Rd8 29. Qb5+ Bc6 30. Qf5 Qxg3+ 31. Rf2 Rd7 32. Nd6+ Qxd6 33. cxd4 Qxd4 34. Kf1 Qd1+ 35. Kg2 Be5+ 0-1


[Site "https://www.chess.com"]

[Event "Titled Tuesday Blitz January 03 Early 2023"]
[White "Timofeev, Artyom"]
[Black "Lamaze, Simon"]
[WhiteFideId "4140419"]
[BlackFideId "36069264"]
[WhiteElo "2567"]
[BlackElo "2363"]
[Result "1/2-1/2"]
[Round "02"]
[TimeControl "180+2"]
[Date "2023.01.03"]
[WhiteClock "0:00:24"]
[BlackClock "0:01:21"]

1. d4 Nf6 2. Nc3 d5 3. Bf4 a6 4. e3 b5 5. Nf3 e6 6. Ne5 Nfd7 7. Bd3 c5 8. O-O Nxe5 9. dxe5 Nc6 10. Be2 Bb7 11. Bg3 Be7 12. f4 d4 13. exd4 Nxd4 14. Bd3 c4 15. Be4 Bxe4 16. Nxe4 Qd5 17. Re1 Rd8 18. c3 Nf5 19. Qxd5 exd5 20. Nd2 h5 21. Bf2 Kd7 22. Nf3 Ke6 23. g3 Rc8 24. h3 b4 25. g4 hxg4 26. hxg4 Nh6 27. Nd4+ Kd7 28. g5 Ng4 29. Nf3 Nxf2 30. Kxf2 Bc5+ 31. Kg3 Ke6 32. cxb4 Bxb4 33. Nd4+ Kd7 34. Red1 c3 35. bxc3 Rxc3+ 36. Kg4 g6 37. Nf3 Ke6 38. Rac1 a5 39. Nd4+ Kd7 40. Rxc3 Bxc3 41. Ne2 Bb4 42. Rxd5+ Ke6 43. Rd3 Rc8 44. Nd4+ Ke7 45. a3 Be1 46. Nf3 Bc3 47. a4 Rc4 48. Kg3 Ke6 49. Rd6+ Ke7 50. Rb6 Rxa4 51. Rb7+ Ke6 52. Rb6+ Ke7 53. Rb7+ Ke8 54. Rb8+ Kd7 55. Rb7+ Ke6 56. Rb6+ Ke7 1/2-1/2


[Site "https://www.chess.com"]

[Event "Titled Tuesday Blitz January 03 Early 2023"]
[White "Maltsevskaya, Aleksandra"]
[Black "Puranik, Abhimanyu"]
[WhiteFideId "24174041"]
[BlackFideId "5061245"]
[WhiteElo "2390"]
[BlackElo "2613"]
[Result "0-1"]
[Round "02"]
[TimeControl "180+2"]
[Date "2023.01.03"]
[WhiteClock "0:00:06"]
[BlackClock "0:00:10"]

1. Nf3 Nf6 2. c4 g6 3. Nc3 Bg7 4. b3 O-O 5. Bb2 d6 6. Qc2 e5 7. d4 e4 8. Nxe4 Nxe4 9. Qxe4 c5 10. O-O-O Nc6 11. Qc2 Re8 12. dxc5 Bf5 13. Qd2 Bxb2+ 14. Kxb2 dxc5 15. Qxd8 Raxd8 16. Rxd8 Rxd8 17. g3 Be4 18. Bg2 Bxf3 19. Bxf3 Rd2+ 20. Kb1 Nd4 21. Bxb7 Nxe2 22. Re1 Nc3+ 23. Kc1 Rxf2 24. a3 Ne2+ 25. Kb1 Nc3+ 26. Kc1 Rxh2 27. Re7 Kf8 28. Rc7 Ne2+ 29. Kb1 Nd4 30. Bd5 Nxb3 31. Rxf7+ Ke8 32. Rxa7 h5 33. Bf7+ Kd8 34. Bxg6 Nd2+ 35. Kc1 Nxc4 36. a4 Ne5 37. Bf5 Rf2 38. Be4 Re2 39. Bd5 c4 40. Rh7 c3 0-1


[Site "https://www.chess.com"]

[Event "Titled Tuesday Blitz January 03 Early 2023"]
[White "Svane, Rasmus"]
[Black "Ingebretsen, Jens E"]
[WhiteFideId "4657101"]
[BlackFideId "1522965"]
[WhiteElo "2623"]
[BlackElo "2342"]
[Result "1-0"]
[Round "02"]
[TimeControl "180+2"]
[Date "2023.01.03"]
[WhiteClock "0:02:40"]
[BlackClock "0:02:20"]

1. Nf3 d5 2. g3 Bg4 3. Bg2 e6 4. h3 Bxf3 5. Bxf3 c6 6. O-O Nf6 7. d3 Be7 8. e4 O-O 9. a4 Nbd7 10. Nd2 a5 11. Bg2 e5 12. Qe2 Qc7 13. Nb3 Nc5 14. Nxc5 Bxc5 15. Bg5 dxe4 16. Bxf6 exd3 17. Qg4 g6 18. Qg5 Qd6 19. Bxe5 1-0


[Site "https://www.chess.com"]

[Event "Titled Tuesday Blitz January 03 Early 2023"]
[White "Khripachenko, Alexander"]
[Black "Dardha, Daniel"]
[WhiteFideId "54184975"]
[BlackFideId "240990"]
[WhiteElo "2110"]
[BlackElo "2631"]
[Result "0-1"]
[Round "02"]
[TimeControl "180+2"]
[Date "2023.01.03"]
[WhiteClock "0:00:48"]
[BlackClock "0:00:06"]

1. e4 e5 2. Nf3 Nc6 3. Bb5 Nf6 4. O-O Nxe4 5. d4 Nd6 6. dxe5 Nxb5 7. a4 d6 8. axb5 Nxe5 9. Qe2 Bg4 10. Qe4 Bxf3 11. gxf3 Be7 12. f4 Nd7 13. Qxb7 O-O 14. Nc3 Nb6 15. Be3 Bf6 16. Qc6 Bxc3 17. bxc3 Re8 18. Kh1 Re6 19. Rg1 d5 20. Qc5 Qd7 21. Bd4 Rg6 22. Rxg6 hxg6 23. Qc6 Qxc6 24. bxc6 Nc8 25. Be5 Ne7 26. Ra6 f6 27. Bxc7 Rc8 28. Rxa7 Nxc6 29. Rb7 Kh7 30. Kg2 Ne7 31. Bd6 Nf5 32. Bb4 Rc4 33. Kf3 d4 34. cxd4 Nxd4+ 35. Kg2 Rxc2 36. Bc5 Rxc5 0-1


[Site "https://www.chess.com"]

[Event "Titled Tuesday Blitz January 03 Early 2023"]
[White "Odegov, Artem"]
[Black "Svane, Frederik"]
[WhiteFideId "34183644"]
[BlackFideId "12923044"]
[WhiteElo "2261"]
[BlackElo "2600"]
[Result "0-1"]
[Round "02"]
[TimeControl "180+2"]
[Date "2023.01.03"]
[WhiteClock "0:00:03"]
[BlackClock "0:00:55"]

1. d4 d5 2. c4 c6 3. Nc3 e6 4. e4 dxe4 5. Nxe4 Bb4+ 6. Bd2 Qxd4 7. Bxb4 Qxe4+ 8. Be2 Na6 9. Bd6 Qxg2 10. Qd2 e5 11. Bf3 Qg6 12. O-O-O Bf5 13. Ne2 Qe6 14. Qc3 f6 15. Nf4 Qf7 16. Rhe1 O-O-O 17. Ne2 Nh6 18. Ng3 Qe6 19. c5 Qxa2 20. Nxf5 Nxf5 21. Bg4 g6 22. f4 Qa1+ 23. Kc2 Qa4+ 24. Qb3 Nb4+ 25. Kc3 Nd5+ 26. Rxd5 Qxb3+ 27. Kxb3 cxd5 28. fxe5 fxe5 29. Rxe5 Rhe8 30. Rxd5 Kd7 31. Kb4 Re4+ 32. Kb5 Rxg4 33. Bf4+ Ke8 34. Re5+ Kf7 35. Bh6 0-1


[Site "https://www.chess.com"]

[Event "Titled Tuesday Blitz January 03 Early 2023"]
[White "Narayanan, Srinath"]
[Black "Freitag, Manfred"]
[WhiteFideId "5018420"]
[BlackFideId "1602004"]
[WhiteElo "2559"]
[BlackElo "2352"]
[Result "1-0"]
[Round "02"]
[TimeControl "180+2"]
[Date "2023.01.03"]
[WhiteClock "0:00:09"]
[BlackClock "0:00:08"]

1. d4 Nf6 2. Bf4 g6 3. Nc3 d5 4. e3 Bg7 5. h4 h5 6. Nf3 O-O 7. Ne5 c5 8. Be2 Nc6 9. Qd2 cxd4 10. exd4 Bf5 11. f3 Qb6 12. O-O-O Rad8 13. g4 hxg4 14. fxg4 Ne4 15. Nxe4 Bxe4 16. Rh3 Rc8 17. Rb3 Qd8 18. c3 Qa5 19. Ra3 Qd8 20. Nxc6 Rxc6 21. Rxa7 Qb6 22. Ra3 Rfc8 23. h5 Qb4 24. Qe1 Bxd4 25. Bd2 Bg7 26. hxg6 fxg6 27. Qf1 Qc5 28. Bd3 Rf8 29. Qe2 Rf2 30. Qe3 Bxd3 31. Qxd3 Qc4 32. Be3 Qxd3 33. Rxd3 Rf3 34. Kd2 e6 35. Ra7 Rc7 36. Ke2 Rf8 37. a4 Rd7 38. a5 Rff7 39. Ra8+ Rf8 40. Rxf8+ Bxf8 41. c4 Bb4 42. Bb6 Kf7 43. c5 Ke7 44. Rb3 Bxc5 45. Bxc5+ Kf6 46. Bd4+ Kg5 47. Kf3 Rf7+ 48. Kg3 Rc7 49. Rb6 Rc4 50. Be3+ Kf6 51. g5+ Ke5 52. Rxb7 d4 53. Bf4+ Ke4 54. a6 e5 55. Bd2 Rc2 56. a7 Rxd2 57. a8=Q Rd3+ 58. Kf2 Rd2+ 59. Ke1 Ke3 60. Rb3+ d3 61. Qh1 Re2+ 62. Kd1 Rd2+ 63. Kc1 Rc2+ 64. Kb1 Rf2 65. Qh3+ Ke2 66. Qxd3+ Ke1 67. Qe4+ Re2 68. Qxg6 e4 69. Qf5 e3 70. Qf4 Kd2 71. Qd4+ Ke1 72. Rxe3 1-0


[Site "https://www.chess.com"]

[Event "Titled Tuesday Blitz January 03 Early 2023"]
[White "Aloma Vidal, Robert"]
[Black "Lenderman, Aleksandr"]
[WhiteFideId "2260409"]
[BlackFideId "2021285"]
[WhiteElo "2442"]
[BlackElo "2572"]
[Result "0-1"]
[Round "02"]
[TimeControl "180+2"]
[Date "2023.01.03"]
[WhiteClock "0:00:35"]
[BlackClock "0:01:51"]

1. e4 e6 2. d4 d5 3. e5 c5 4. c3 Nc6 5. Nf3 Nge7 6. Na3 cxd4 7. cxd4 Nf5 8. Nc2 Be7 9. Bd3 O-O 10. O-O Bd7 11. g4 Nh4 12. Nxh4 Bxh4 13. f4 f6 14. Be3 fxe5 15. dxe5 Be7 16. Nd4 Bc5 17. Bxh7+ Kxh7 18. Qc2+ Kg8 19. Qxc5 Rc8 20. Nxc6 Rxc6 21. Qxa7 Qh4 22. Rf2 Rc4 23. Qxb7 Bc6 24. Qb3 d4 25. Qxc4 Qxg4+ 26. Kf1 dxe3 27. Qxc6 exf2 28. Qg2 Qxf4 29. b3 Qd4 0-1


[Site "https://www.chess.com"]

[Event "Titled Tuesday Blitz January 03 Early 2023"]
[White "Abasov, Nijat"]
[Black "Ginzburg, Yakov"]
[WhiteFideId "13402960"]
[BlackFideId "4157176"]
[WhiteElo "2634"]
[BlackElo "2405"]
[Result "1-0"]
[Round "02"]
[TimeControl "180+2"]
[Date "2023.01.03"]
[WhiteClock "0:00:21"]
[BlackClock "0:00:28"]

1. d4 d5 2. Nf3 Nf6 3. Bf4 c5 4. e3 Qb6 5. c4 Qxb2 6. Nbd2 Bf5 7. dxc5 e6 8. Nd4 Bg6 9. cxd5 Bxc5 10. Rc1 Bxd4 11. Rc8+ Kd7 12. Rxh8 Bc2 13. Bb5+ Nc6 14. dxc6+ bxc6 15. Nc4 Bxd1 16. Nxb2 Rxh8 17. exd4 cxb5 18. Kxd1 Nd5 19. Bd2 Rc8 20. Nd3 Rc4 21. Ne5+ 1-0


[Site "https://www.chess.com"]

[Event "Titled Tuesday Blitz January 03 Early 2023"]
[White "Sourath Biswas"]
[Black "Drozdowski, Kacper"]
[WhiteFideId "35091484"]
[BlackFideId "1136720"]
[WhiteElo "2281"]
[BlackElo "2448"]
[Result "0-1"]
[Round "02"]
[TimeControl "180+2"]
[Date "2023.01.03"]
[WhiteClock "0:00:04"]
[BlackClock "0:00:41"]

1. d4 Nf6 2. Bf4 c5 3. e3 g6 4. c3 Bg7 5. Nd2 O-O 6. Bc4 d5 7. Bd3 b6 8. Qe2 a5 9. a4 Ba6 10. Bxa6 Nxa6 11. Ngf3 Nc7 12. O-O Ne6 13. Be5 Qd7 14. Rfd1 Rac8 15. c4 cxd4 16. Nxd4 Rfd8 17. cxd5 Qxd5 18. N2f3 Nxd4 19. Bxd4 Qe6 20. Qb5 Rd6 21. Rac1 Rcd8 22. Re1 h6 23. h3 Ne4 24. Bxg7 Kxg7 25. Nd4 Qf6 26. Re2 Nc5 27. Rf1 e5 28. Nb3 Nd3 29. Rd2 Rd5 30. Qc4 Nb4 31. Rxd5 Rxd5 32. f4 exf4 33. Rxf4 Qe5 34. Kh2 Qxe3 35. Qc7 Qe6 36. Nd4 Qd7 37. Qxb6 Nd3 38. Re4 Nc5 39. Rf4 Qe7 40. Nc6 Qd6 41. Qb8 Qxc6 42. Qa7 Rd7 43. Qxa5 Nd3 44. Qc3+ Qxc3 0-1


[Site "https://www.chess.com"]

[Event "Titled Tuesday Blitz January 03 Early 2023"]
[White "Makarian, Rudik"]
[Black "Malek, Jan"]
[WhiteFideId "44105681"]
[BlackFideId "21864080"]
[WhiteElo "2545"]
[BlackElo "2370"]
[Result "1-0"]
[Round "02"]
[TimeControl "180+2"]
[Date "2023.01.03"]
[WhiteClock "0:01:18"]
[BlackClock "0:00:06"]

1. d4 d5 2. c4 e6 3. Nf3 a6 4. cxd5 exd5 5. Nc3 c6 6. Bf4 Bd6 7. e3 Ne7 8. Bd3 O-O 9. h3 Bf5 10. O-O Qc7 11. Ne2 Nd7 12. Qc2 Bxd3 13. Qxd3 Rfe8 14. Rac1 a5 15. Rc2 Ng6 16. Bxd6 Qxd6 17. a3 Nf6 18. Nd2 Nh4 19. Ng3 Re6 20. Nf5 Nxf5 21. Qxf5 Rae8 22. Nb3 Qc7 23. Nc5 R6e7 24. b4 axb4 25. axb4 Qb6 26. Rb1 Ne4 27. Nxe4 Rxe4 28. b5 g6 29. Qf3 Ra8 30. Qd1 Qc7 31. bxc6 bxc6 32. Rbc1 Re6 33. Qd3 Qb7 34. g3 Rae8 35. h4 h5 36. Qc3 Qc7 37. Qb3 Rb8 38. Qxd5 Rxe3 39. fxe3 Qxg3+ 40. Qg2 Qxe3+ 41. Qf2 Qe4 42. Rxc6 Qg4+ 43. Kh2 Rb3 44. R6c3 Rb4 45. Rc8+ Kg7 46. R8c7 Qe6 47. Rf1 Qd6+ 48. Qf4 Rb2+ 49. Kg1 1-0


[Site "https://www.chess.com"]

[Event "Titled Tuesday Blitz January 03 Early 2023"]
[White "De La Colina, Nicolas"]
[Black "Eljanov, Pavel"]
[WhiteFideId "30946921"]
[BlackFideId "14102951"]
[WhiteElo "2244"]
[BlackElo "2705"]
[Result "0-1"]
[Round "02"]
[TimeControl "180+2"]
[Date "2023.01.03"]
[WhiteClock "0:01:26"]
[BlackClock "0:02:22"]

1. e4 c6 2. d4 d5 3. exd5 cxd5 4. Bd3 Nf6 5. c3 Bg4 6. Qb3 Qc7 7. h3 Bd7 8. Nf3 e6 9. O-O Bd6 10. Re1 Bc6 11. Na3 a6 12. Nc2 Nbd7 13. Bg5 Ne4 14. Be3 O-O 15. c4 dxc4 16. Qxc4 Nb6 17. Qb3 Bd5 0-1


[Site "https://www.chess.com"]

[Event "Titled Tuesday Blitz January 03 Early 2023"]
[White "Terry, Renato"]
[Black "Swayams, Mishra"]
[WhiteFideId "3803457"]
[BlackFideId "5028183"]
[WhiteElo "2520"]
[BlackElo "2489"]
[Result "1-0"]
[Round "02"]
[TimeControl "180+2"]
[Date "2023.01.03"]
[WhiteClock "0:01:40"]
[BlackClock "0:01:49"]

1. d4 Nf6 2. Nf3 e6 3. c4 b6 4. g3 Bb7 5. Bg2 Bb4+ 6. Bd2 Bxd2+ 7. Qxd2 O-O 8. O-O d6 9. Qc2 Nbd7 10. Nc3 Qe7 11. e4 e5 12. Rfe1 Rfe8 13. Rad1 Qf8 14. b3 a6 15. Nd5 Nxd5 16. cxd5 Rac8 17. Bh3 Qe7 18. Qd2 f6 19. Be6+ Kh8 20. Nh4 Rcd8 21. Nf5 Qf8 22. b4 g6 23. Nh4 Qg8 24. Bxg8 Kxg8 25. f4 exd4 26. Qxd4 1-0


[Site "https://www.chess.com"]

[Event "Titled Tuesday Blitz January 03 Early 2023"]
[White "Karttunen, Mika"]
[Black "Molina, Roberto Junio Brito"]
[WhiteFideId "502081"]
[BlackFideId "2109450"]
[WhiteElo "2490"]
[BlackElo "2403"]
[Result "0-1"]
[Round "02"]
[TimeControl "180+2"]
[Date "2023.01.03"]
[WhiteClock "0:00:11"]
[BlackClock "0:01:01"]

1. e4 c6 2. d4 d5 3. e5 Bf5 4. h4 Qb6 5. Nc3 h6 6. a4 e6 7. a5 Qc7 8. Bd2 a6 9. Na4 Nd7 10. b4 Ne7 11. g4 Be4 12. f3 Bh7 13. h5 f6 14. f4 O-O-O 15. Nf3 Kb8 16. Bd3 Be4 17. Qe2 f5 18. g5 g6 19. hxg6 Nxg6 20. O-O-O hxg5 21. Rxh8 Bxf3 22. Qxf3 Nxh8 23. fxg5 Bg7 24. Rh1 Rg8 25. Kb1 Ng6 26. Rh7 Ndf8 27. Rh1 Nd7 28. Rh7 Ka7 29. Ka2 Qd8 30. Kb3 Ndf8 31. Rh5 Qe7 32. Nc5 Nd7 33. Nxd7 Qxd7 34. Rh7 Nf8 35. Rh5 Qf7 36. Be3 Qg6 37. Qh3 Kb8 38. c3 Kc7 39. Bf4 Kd7 40. Qh4 Qf7 41. Qf2 Ng6 42. Rh1 Bf8 43. Be2 Rh8 44. Bh5 Qg7 45. Bd2 Ne7 46. Bf3 Rh7 47. Rh2 Qh8 48. Rxh7 Qxh7 49. Qg3 Ng6 50. Kc2 Be7 51. Kb2 Ke8 52. Be2 Kf7 53. Bf3 Kg7 54. Qg2 Nh4 55. Qg3 Nxf3 56. Qxf3 Kg6 57. Qg2 Qh4 58. Qf3 Qh2 59. Kc1 Qg1+ 60. Kc2 Qg4 61. Qf1 Bxg5 62. Bxg5 Kxg5 63. Kb3 f4 64. Qd3 f3 65. Qh7 Kf4 66. Qh6+ Kg3 0-1


[Site "https://www.chess.com"]

[Event "Titled Tuesday Blitz January 03 Early 2023"]
[White "Grigoriants, Sergey"]
[Black "Suleymanli, Suleyman"]
[WhiteFideId "4130804"]
[BlackFideId "13416375"]
[WhiteElo "2562"]
[BlackElo "2269"]
[Result "0-1"]
[Round "02"]
[TimeControl "180+2"]
[Date "2023.01.03"]
[WhiteClock "0:00:07"]
[BlackClock "0:01:15"]

1. d4 d5 2. c4 dxc4 3. e3 Nf6 4. Bxc4 e6 5. Nf3 c5 6. O-O a6 7. Bb3 b5 8. a4 b4 9. dxc5 Qxd1 10. Bxd1 Bxc5 11. Nfd2 Bb7 12. Nb3 Nbd7 13. N1d2 Bd5 14. Bf3 O-O 15. e4 Bb7 16. Na5 Rab8 17. Nxb7 Rxb7 18. e5 Nd5 19. Nc4 Rc7 20. Be2 Bd4 21. Rd1 Ba7 22. Bd2 Rfc8 23. Nd6 Rd8 24. Bxa6 Nxe5 25. Nb5 Rcd7 26. Nxa7 Rxa7 27. Bb5 Rb8 28. Rac1 h6 29. h3 Rab7 30. Re1 Rxb5 31. axb5 Nd3 32. Rc4 Nxe1 33. Bxe1 Rxb5 34. b3 Ra5 35. Bxb4 Ra1+ 36. Kh2 Rb1 37. Bd2 Rxb3 38. Rc2 Rd3 39. g3 Rb3 40. h4 h5 41. Kg2 Kh7 42. Ra2 Kg6 43. Kf1 Nf6 44. Kg2 Ng4 45. Ra5 Rb2 46. Be1 f6 47. Kf1 e5 48. Ra7 e4 49. Re7 e3 50. fxe3 Nh2+ 51. Kg1 Nf3+ 52. Kf1 Rb1 0-1


[Site "https://www.chess.com"]

[Event "Titled Tuesday Blitz January 03 Early 2023"]
[White "Atakhan, Abtin"]
[Black "Baskakov, Egor"]
[WhiteFideId "22502203"]
[BlackFideId "24197866"]
[WhiteElo "2422"]
[BlackElo "2215"]
[Result "1-0"]
[Round "02"]
[TimeControl "180+2"]
[Date "2023.01.03"]
[WhiteClock "0:00:11"]
[BlackClock "0:00:08"]

1. Nf3 Nf6 2. c4 e6 3. Nc3 d5 4. d4 Ne4 5. Bf4 Bd6 6. Bxd6 Qxd6 7. e3 f5 8. Ne5 O-O 9. Bd3 c6 10. O-O Nd7 11. Bxe4 fxe4 12. f4 exf3 13. Nxf3 dxc4 14. Qe2 b5 15. e4 e5 16. Rad1 exd4 17. Nxd4 Rxf1+ 18. Qxf1 Qc5 19. Kh1 Ne5 20. Qf4 Nd3 21. Qe3 Bg4 22. Rf1 Rd8 23. Nc2 Qxe3 24. Nxe3 Be6 25. Rb1 a6 26. Kg1 Rd4 27. Nc2 Rd8 28. b3 b4 29. Ne2 c5 30. Ne3 Ne5 31. Nf4 Bf7 32. Nfd5 c3 33. Rf1 a5 34. Kf2 a4 35. Ke2 axb3 36. axb3 Ra8 37. Nf5 c4 38. bxc4 Nxc4 39. Nfe7+ Kf8 40. Nc6 Ra2+ 41. Kd3 Nd2 42. Rf4 c2 43. Kxd2 b3 44. Nd4 Ra1 45. Nxb3 Rd1+ 46. Kxc2 Rg1 47. Rf2 Ke8 48. Nd4 Bg6 49. Nc3 Kd7 50. Nf3 Kd6 51. Nxg1 1-0


[Site "https://www.chess.com"]

[Event "Titled Tuesday Blitz January 03 Early 2023"]
[White "Jakubowski, Krzysztof"]
[Black "Xu, Yi"]
[WhiteFideId "1112848"]
[BlackFideId "8605564"]
[WhiteElo "2486"]
[BlackElo "2527"]
[Result "0-1"]
[Round "02"]
[TimeControl "180+2"]
[Date "2023.01.03"]
[WhiteClock "0:00:20"]
[BlackClock "0:00:27"]

1. e4 c5 2. Nf3 d6 3. d4 cxd4 4. Nxd4 Nf6 5. Nc3 a6 6. Be3 e5 7. Nb3 Be6 8. h3 Be7 9. Qf3 Nbd7 10. g4 h6 11. O-O-O Nf8 12. g5 hxg5 13. Bxg5 Rc8 14. Rg1 Ng6 15. Kb1 b5 16. Bxf6 Bxf6 17. Nd5 Bxd5 18. Rxd5 Nf4 19. Rd1 g6 20. a3 Kf8 21. Nc1 Kg7 22. Na2 Qc7 23. Nc3 Qc5 24. Rd2 b4 25. axb4 Qxb4 26. Qe3 Rb8 27. b3 a5 28. Ka2 Rhc8 29. Rg3 d5 30. exd5 a4 31. Nxa4 Ra8 32. d6 Rxa4+ 33. bxa4 Ra8 34. Rd3 Nxd3 0-1


[Site "https://www.chess.com"]